 Dungeon Crawl Stone Soup version 0.32-a0-128-g77eb882913 (webtiles) character file.

Game seed: 13840470801785352677

41 porpoise the Trooper (level 3, -1/28 HPs)
             Began as a Demonspawn Wanderer on Feb 7, 2024.
             Slain by Crazy Yiuf
             ... wielding a +3 quarterstaff of chaos
              (3 damage)
             ... on level 2 of the Dungeon.
             The game lasted 00:04:32 (1330 turns).

porpoise the Trooper (Demonspawn Wanderer)          Turns: 1330, Time: 00:04:33

Health: -1/28      AC:  5    Str: 12    XL:     3   Next: 32%
Magic:  4/4        EV: 10    Int:  9    God:
Gold:   94         SH:  0    Dex: 17    Spells: 4/4 levels left

rFire   . . .        a - +1 dagger (drain)
rCold   . . .        (no shield)
rNeg    . . .        p - +0 ring mail
rPois   .            (helmet restricted)
rElec   .            (no cloak)
rCorr   .            (no gloves)
SInv    .            (no boots)
Will    .....        (no amulet)
Stlth   +            (no ring)
HPRegen 0.24/turn    (no ring)
MPRegen 0.09/turn

%: no passive effects
@: brilliant
A: horns 2
a: no special abilities


You were on level 2 of the Dungeon.
You visited 1 branch of the dungeon, and saw 2 of its levels.

You collected 94 gold pieces.

Inventory:

Hand Weapons
 a - a +1 dagger of draining (weapon)
 j - a +1 short sword
Armour
 e - a +0 leather armour
 p - a +0 ring mail (worn)
Scrolls
 c - 3 scrolls of blinking
 g - a scroll of enchant armour {unknown}
 m - a scroll of identify {unknown}
 o - a scroll of amnesia {unknown}
Potions
 b - 2 potions of haste
 d - a potion of invisibility
 f - a potion of heal wounds {unknown}
 h - a potion of mutation {unknown}
 i - a potion of brilliance
 k - a potion of attraction {unknown}
 l - a potion of might {unknown}
 n - a potion of lignification {unknown}
 q - a potion of curing {unknown}


   Skills:
 * Level 2.9 Fighting
 * Level 2.5 Short Blades
 - Level 1.0 Armour
 - Level 1.0 Dodging
 + Level 1.0 Stealth
 - Level 1.7 Unarmed Combat
 - Level 1.0 Spellcasting
 - Level 1.2 Invocations


You had 4 spell levels left.
You didn't know any spells.
Your spell library contained the following spells:

 Spells                   Type           Power      Damage    Failure   Level
 Ensorcelled Hibernation  Hex/Ice        0%         N/A       77%         2
 Frozen Ramparts          Ice            0%         1d1       94%         3
 Passwall                 Erth           0%         N/A       94%         3
 Swiftness                Air            0%         N/A       94%         3
 Leda's Liquefaction      Alch/Erth      0%         N/A       100%        4
 Petrify                  Alch/Erth      0%         N/A       100%        4
 Metabolic Englaciation   Hex/Ice        0%         N/A       100%        5


Dungeon Overview and Level Annotations

Branches:
Dungeon (2/15)

Altars:

Annotations:
D:2 Crazy Yiuf


Innate Abilities, Weirdness & Mutations

You have a pair of horns on your head.


Message History

b - 2 potions of haste (gained 1) Partly explored, can't reach some places.
You hit the fungus.
The fungus begins to die.
The fungus is lightly damaged.
You hit the fungus. You drain the fungus. You headbutt the fungus.
The fungus is lightly damaged.
You hit the fungus. You drain the fungus.
The fungus is lightly damaged.
You hit the fungus.
The fungus is lightly damaged.
A nearby fungus withers and dies.
Found a hammer.
Found a runed translucent door.
Crazy Yiuf shouts!
You open the door. You hit Crazy Yiuf. You drain Crazy Yiuf.
You headbutt Crazy Yiuf. You punch Crazy Yiuf.
Crazy Yiuf is moderately wounded.
Crazy Yiuf says, "Cake!"
Crazy Yiuf closely misses you.
You hit Crazy Yiuf. Your headbutt misses Crazy Yiuf.
Crazy Yiuf is heavily wounded.
You hit Crazy Yiuf. You headbutt Crazy Yiuf.
Crazy Yiuf is heavily wounded.
Crazy Yiuf grits, "Scoff!
Walk pizzabubble King."
Crazy Yiuf hits you with a +3 quarterstaff of chaos.
You are electrocuted!
You hit Crazy Yiuf.
Crazy Yiuf is severely wounded.
Crazy Yiuf hits you with a +3 quarterstaff of chaos!
* * * LOW HITPOINT WARNING * * *
Crazy Yiuf freezes you.
* * * LOW HITPOINT WARNING * * *
It was a potion of brilliance.
You feel clever all of a sudden.
Crazy Yiuf hits you with a +3 quarterstaff of chaos.
* * * LOW HITPOINT WARNING * * *
You closely miss Crazy Yiuf.
Crazy Yiuf is severely wounded.
Crazy Yiuf hits you with a +3 quarterstaff of chaos.
You die...

♣♣♣♣♣### ### ♣♣♣.♣.P#.##
##### #...#♣..♣......##
##...## #...g@♣♣♣♣PP....#
......#### #)..#♣♣ ♣♣P#...#
.........# ### ♣♣###.#
.....^.### #..# .......#
#.## ......#############
###.#
......###......##.#####...#
.......#......###.......###
....†).........#..#######


You could see Crazy Yiuf (very drained).

Vanquished Creatures
  A dart slug (D:2)
  2 endoplasms (D:1)
  2 giant cockroaches (D:1)
  3 goblins
  2 hobgoblins
  4 jackals (D:1)
  A quokka (D:2)
  3 ball pythons
  5 bats (D:2)
  6 frilled lizards
  6 kobolds
  2 rats (D:1)
37 creatures vanquished.

Notes
Turn   | Place    | Note
-------+----------+-------------------------------------------
     0 | D:1      | porpoise the Demonspawn Wanderer began the quest for the
                  | Orb.
     0 | D:1      | porpoise set off with the following items: a +1 short
                  | sword, a potion of haste, a scroll of blinking, a potion of
                  | invisibility, a +0 leather armour.
     0 | D:1      | Reached XP level 1. HP: 16/16 MP: 2/2
   210 | D:1      | Gained mutation: You have a pair of small horns on your
                  | head. [demonic ancestry]
   210 | D:1      | Reached XP level 2. HP: 18/22 MP: 3/3
   842 | D:2      | Gained mutation: You have a pair of horns on your head.
                  | [demonic ancestry]
   842 | D:2      | Reached XP level 3. HP: 15/28 MP: 4/4
   845 | D:2      | Reached skill level 1 in Stealth
  1320 | D:2      | Found a runed translucent door.
  1321 | D:2      | Noticed Crazy Yiuf
  1330 | D:2      | Slain by Crazy Yiuf

Illustrated notes

Levels and vault maps discovered:
D:1:      nzn_arrival_settlement, layout_loops_ring
D:2:      layout_rooms, uniq_crazy_yiuf_cottage

Skill      XL: |  1  2  3 |
---------------+----------+-----
Short Blades   | 2 |  2.5
Stealth        | 1 |  1.0
Fighting       | |  2.9
Armour         | |  1.0
Dodging        | |  1.0
Unarmed Combat | |  1.7
Spellcasting   | |  1.0
Invocations    | |  1.2

Action                     || total
---------------------------++-------
  Melee: Short sword       ||    47
         Punch             ||     3
         Dagger            ||    43
         Headbutt          ||    11
    Use: Potion            ||     1
   Stab: Sleeping          ||     4
 Armour: Leather armour    ||    37
         Ring mail         ||     5
  Dodge: Dodged            ||    48

Table legend: (Time is in decaauts)
 A = Elapsed time spent in this place.
 B = Non-inter-level travel time spent in this place.
 C = Inter-level travel time spent in this place.
 D = Time resting spent in this place.
 E = Time spent auto-exploring this place.
 F = Levels seen in this place.
 G = Mean time per level.
                   A        B        C        D        E       F      G
               +--------+--------+--------+--------+--------+-----+--------+
         Total |   1319 |   1226 |     93 |    108 |    866 |   2 |  659.5 |
       Dungeon |   1319 |   1226 |     93 |    108 |    866 |   2 |  659.5 |
               +--------+--------+--------+--------+--------+-----+--------+

Top non-repeatable levels by time:
     D:1: 759 daAuts
     D:2: 560 daAuts
